[Event "European Women-ch 2023"]
[Site "Petrovac"]
[Date "2023.03.20"]
[Round "3.6"]
[White "Gueci, Tea"]
[Black "Paasikangas, Johanna"]
[Result "1/2-1/2"]
[ECO "B06"]
[WhiteElo "2227"]
[BlackElo "2115"]
[Annotator "TA"]
[PlyCount "146"]
[EventDate "2023.03.15"]
[EventType "swiss"]
[EventCountry "MNE"]
[SourceTitle "playchess.com"]
[Source "ChessBase"]
[SourceQuality "1"]
[TimeControl "40/5400+30:1800+30"]

1. e4 g6 2. d4 Bg7 3. Nc3 d6 4. Be3 c6 5. Qd2 Nd7 6. f3 h5 7. h4 b5 8. Nh3 Nb6 9. Ng5 {[%emt 0:04:10] B06: Modern Defence.} Nc4 10. Bxc4 bxc4 11. O-O-O {[%emt 0:30:44][%cal Oe4e5] [#] White is slightly better.} Qa5 $146 ({Predecessor:} 11... Rb8 12. Rde1 Qa5 13. a3 Qb6 14. Nd1 Nf6 15. c3 Qa5 16. Bf2 Nd7 17. Re2 c5 {0-1 Predke,A (2129)-Pavlovski,Y (2271) Volga Rating 2006 (4)}) 12. Kb1 (12. e5 $5 ) 12... Rb8 13. Ka1 Nh6 14. Rb1 d5 15. Rhe1 dxe4 (15... Rb7 $14) 16. Ngxe4 $16 {[%emt 0:03:10] A dynamic duo of knights.} Nf5 17. Bf4 $36 {[%emt 0:04:11][%mdl 2048] Black is under pressure.} Rb4 18. Nd6+ Nxd6 {[%emt 0:00:16][%mdl 64] Remove Defender} 19. Bxd6 Rb7 20. Be5 O-O 21. Bxg7 Kxg7 22. Re5 Qd8 23. Rc5 {[%emt 0:04:44][%csl LRc4,LRc6] White is more active.} e5 {[%emt 0:06:49][%mdl 64] Discovered Attack} 24. Rxe5 ({Much less strong is} 24. Rxc4 Rd7 $14) 24... Qxh4 25. Ne4 Rd7 {[%emt 0:03:32] Black is weak on the dark squares} 26. c3 (26. Rc5 $16) 26... Rd5 $11 27. g3 Qd8 28. Qf4 $2 (28. f4 $11 {and White stays safe.}) 28... f6 $19 29. Rxd5 cxd5 30. Nc5 Re8 {[%emt 0:00:34][%cal Bf8e8,Be8e2,Be2d2][%mdl 32] Against Re1} 31. Qd2 Qe7 {[%emt 0:00:45] Prevents Re1} 32. b3 Bf5 (32... Qe3 $19 33. Qxe3 Rxe3 34. bxc4 dxc4) 33. Rf1 (33. Rg1 $1 $15) 33... Qe2 34. Qxe2 Rxe2 35. bxc4 dxc4 $17 {[%emt 0:00:06][%mdl 4096] Endgame KRB-KRN} 36. Rd1 Bc2 37. Rc1 (37. Rh1 $17) 37... Kf7 38. d5 (38. Rh1 $142) 38... Ke7 $19 39. Ne6 Rd2 (39... Bd3 $19 {is more deadly. ...Rg2 is the strong threat.} 40. Rg1 Kd6) 40. Nd4 $17 Bd3 {[%emt 0:00:00] Threatens to win with ...Rg2.} 41. Re1+ Kd6 {[%emt 0:02:30][%cal Od2g2] Hoping for ...Rg2!} 42. Re6+ Kxd5 43. Ra6 Rg2 44. Ra5+ Kd6 45. Ra6+ Kc7 $1 46. Rxa7+ Kb6 47. Rh7 (47. Rf7 $17) 47... Rxg3 $19 48. a4 {[%emt 0:00:18] [#]} Rg2 49. Rh8 Bc2 50. Rb8+ Kc7 51. Rb4 {[%emt 0:00:05] [#]} h4 $2 (51... Bb3 $1 $19 {...g5 would be deadly.} 52. Kb1 Ba2+ 53. Ka1 Bb3) 52. Nxc2 $11 {[%emt 0:01:19] The position is equal.} Rxc2 53. Rxc4+ {[%emt 0:00:04] KR-KR} Kb6 54. Rxh4 Rxc3 55. Rh6 Rxf3 {[%emt 0:00:11] aiming for ...g5.} 56. Rxg6 Ka5 57. Kb2 Kxa4 58. Kc2 Kb4 59. Kd2 Kc4 60. Ke2 Rf5 61. Rg8 Kd4 62. Ra8 Rb5 63. Re8 Rb3 64. Kf2 Kd5 65. Re7 Kd6 66. Re8 Rb5 67. Kf3 Rf5+ 68. Kg4 Re5 69. Ra8 Ke6 70. Re8+ Kd6 71. Ra8 Ke7 72. Kf4 Kf7 73. Rb8 Kg6 {[%emt 0:03:02] White happily takes the draw.   Weighted Error Value: White=0.23 (precise) /Black=0.23 (precise)} 1/2-1/2

[Event "European Women-ch 2023"]
[Site "Petrovac"]
[Date "2023.03.20"]
[Round "3.7"]
[White "Savina, Anastasia"]
[Black "Zaksaite, Salomeja"]
[Result "1/2-1/2"]
[ECO "E94"]
[WhiteElo "2345"]
[BlackElo "2187"]
[Annotator "TA"]
[PlyCount "137"]
[EventDate "2023.03.15"]
[EventType "swiss"]
[EventCountry "MNE"]
[SourceTitle "playchess.com"]
[Source "ChessBase"]
[SourceQuality "1"]
[TimeControl "40/5400+30:1800+30"]

1. Nf3 Nf6 2. c4 g6 3. Nc3 Bg7 4. e4 d6 5. d4 O-O 6. Be2 e5 7. O-O exd4 8. Nxd4 Re8 9. f3 Nc6 10. Be3 Nh5 11. Nc2 f5 {[%emt 0:06:27] E94: King's Indian: Classical: 6 Be2 e5 7 0-0: Various Black 7th moves.} 12. Qd2 Be6 13. Nd5 (13. Bg5 $14 Qd7 14. Nd5) 13... Qd7 {[%emt 0:10:53] The position is equal.} (13... Bxb2 14. Rab1 Bg7 15. Rxb7 $16) 14. Bg5 {[%emt 0:08:32] [#]} Rac8 $146 (14... Bxb2 15. Rab1 Bg7 16. Rxb7 $16) ({Predecessor:} 14... Rf8 15. exf5 Bxf5 16. Nce3 Be6 17. f4 Nd4 18. f5 Bxd5 19. Nxd5 Nxf5 20. g4 c6 21. gxf5 cxd5 22. Qxd5+ {1-0 Mareco,S (2585)-Peredun,A (2257) Durban op 2014 (6)}) 15. Rae1 Bxb2 $2 (15... fxe4 $11 {and Black is okay.} 16. b3 e3 17. Bxe3 Qf7) 16. f4 (16. exf5 $1 $18 Bxf5 17. Nce3) 16... Qg7 (16... fxe4 $2 17. Bxh5 Qg7 18. Bd1 $18) (16... Qf7 $16) 17. Bxh5 $1 $18 gxh5 18. Rb1 (18. Rf3 $1 $16 ) 18... Rf8 $2 {[%emt 0:10:47][%mdl 8192] [#]} (18... Bxd5 $1 $11 19. Qxd5+ Kh8) 19. e5 $1 dxe5 20. Rxb2 exf4 {[%emt 0:00:03] [#]} 21. Bf6 Rxf6 $16 22. Nxf6+ Qxf6 23. Rxb7 Bxc4 24. Rxf4 Rd8 25. Qe1 Bd3 26. Nb4 (26. Qg3+ $16 Kh8 27. Ne1) 26... Be4 $11 27. Nxc6 (27. Rxc7 $2 Qd4+ 28. Rf2 Nxb4 $19) (27. Qxe4 Rd1+ 28. Kf2 Qb2+ 29. Nc2 (29. Qe2 $2 Rd2 $19) 29... Rd2+ 30. Kg3 Qg7+ $17) 27... Qxc6 28. Rb3 Qc2 29. Qg3+ Kh8 (29... Kf7 $11 30. Rc3 Rd1+ 31. Rf1 Rxf1+ 32. Kxf1 Qd1+ 33. Qe1 Qd6) 30. Qc3+ $1 $16 Qxc3 31. Rxc3 {[%emt 0:00:01][%mdl 4096] Endgame KRR-KRB} Rd2 {[%emt 0:00:35][%csl LRa2,LRg2] [#]} 32. Rxc7 ({White should play} 32. Kf1 $1 $16) 32... Rxg2+ $11 33. Kf1 Rxa2 (33... Rxh2 $11 {keeps the balance.} 34. Rxa7 h4) 34. Rf2 Ra1+ 35. Ke2 {[%emt 0:00:02][%mdl 1024] White has strong compensation. White is more active.} h4 (35... Ra3 $16) 36. Ke3 $18 {[%emt 0:00:27] aiming for Rd2.} Rg1 (36... Ra5 {was called for.} 37. Rb2 Bd5 38. Rb8+ Bg8) 37. Rd2 (37. Rxa7 $6 Rg7 38. Ra6 Rc7 $18) 37... Bb1 38. Kf4 (38. Rxa7 h3 39. Rdd7 f4+ 40. Kxf4 Rg8) (38. Rb7 $142 Be4 39. Rxa7) 38... Rg4+ 39. Ke5 {[%emt 0:00:07] Rd8+ would be deadly.} h3 $2 (39... Rg8 40. Rxa7 h3) 40. Rxa7 Rg8 41. Rb7 Be4 42. Rc7 Bb1 43. Rd1 (43. Rb2 $142 Be4 44. Rd2) 43... Rb8 (43... Re8+ {keeps fighting.} 44. Kf4 Ba2) 44. Rdd7 f4 45. Rb7 {[%emt 0:00:16] Prevents Rb5+} ({But not} 45. Kxf4 Rb4+ 46. Ke5 Rb5+ 47. Rd5 Rb8) 45... Rxb7 46. Rxb7 {[%emt 0:00:03] KR-KB} Bc2 47. Kxf4 h6 48. Ke5 Bd3 49. Kf6 Bc2 50. Rb4 Kh7 51. Rc4 ({Don't play} 51. Rh4 Bg6 52. Rxh3 Bb1) 51... Bb1 52. Rh4 Bc2 53. Rxh3 Bb1 54. Rc3 Be4 55. Rc7+ Kg8 56. Ke5 Bg6 57. Rb7 Bc2 58. Kf4 Bd3 59. Kg4 {[%emt 0:00:07] Black must now prevent Kh5.} Bg6 60. Rc7 Kh8 61. h4 Kg8 62. h5 (62. Rb7 $18 {has better winning chances.}) 62... Bd3 $16 63. Kf4 Kh8 64. Ke5 (64. Re7 $16) 64... Kg8 $2 (64... Be2 $1 $11 {and Black stays safe.}) 65. Kf6 $18 {[%emt 0:00:03] Strongly threatening Rg7+.} Kh8 $2 (65... Be2 66. Kg6 Bd3+ 67. Kxh6 Kf8 68. Rc8+ Kf7 69. Rc7+ Kg8) 66. Rg7 $2 (66. Rd7 $18 Be4 67. Re7) 66... Bc2 $2 (66... Be2 $14) 67. Kf7 $2 (67. Rg2 $18 Bd3 68. Rd2) 67... Bd3 $2 {[%emt 0:10:32][%mdl 8192] [#]} (67... Bd1 $14) 68. Rg6 Kh7 $2 (68... Bxg6+ {leads to mate.} 69. hxg6 h5 70. g7+ Kh7 71. g8=Q+ Kh6 72. Qg7#) (68... Bc4+ 69. Kf6 Bd3 70. Rxh6+ Kg8) 69. Rg7+ $2 {[%emt 0:00:17] Weighted Error Value: White=0.30/Black=0.35} ({White must play} 69. Rg2 $18) 1/2-1/2

[Event "European Women-ch 2023"]
[Site "Petrovac"]
[Date "2023.03.20"]
[Round "3.7"]
[White "Mkrtchyan, Mariam"]
[Black "Maltsevskaya, Aleksandra"]
[Result "0-1"]
[ECO "E60"]
[WhiteElo "2343"]
[BlackElo "2388"]
[Annotator "TA"]
[PlyCount "62"]
[EventDate "2023.03.15"]
[EventType "swiss"]
[EventCountry "MNE"]
[SourceTitle "playchess.com"]
[Source "ChessBase"]
[SourceQuality "1"]
[TimeControl "40/5400+30:1800+30"]

1. d4 Nf6 2. c4 g6 3. Nf3 Bg7 4. g3 c5 5. Bg2 Qa5+ 6. Nc3 Ne4 7. Qd3 cxd4 {[%emt 0:00:09] E60: King's Indian: Unusual lines and Fianchetto Variation without Nc3.} 8. Nxd4 Nc5 9. Qd1 Nc6 {[%emt 0:00:09] White is slightly better.} 10. e3 Ne6 11. Nde2 {[%emt 0:00:59] [#]} Qb4 $146 ({Predecessor:} 11... Ne5 12. O-O Nxc4 13. Qc2 Qd8 14. Nd5 Nb6 15. Nxb6 Qxb6 16. a4 O-O 17. Nc3 Qd8 {½-½ Martynkova,O (2180)-Gaponenko,I (2347) UKR-ch (Women) 81st 2021 (4)}) 12. Bd5 Nc7 13. a3 Qd6 14. Nb5 Nxb5 15. cxb5 e6 16. bxc6 exd5 17. cxb7 (17. c7 Qxc7 18. O-O O-O $15) 17... Bxb7 18. Nd4 Ba6 19. b3 O-O 20. Bb2 (20. f3 $11) 20... Qe5 $1 $17 {[%emt 0:06:42] Black is more active.} 21. Qg4 ({Better is} 21. Qd2) 21... Rac8 22. Rd1 $2 {[%emt 0:12:47][%mdl 8192] [#] White does not recover from this.} (22. Rb1 $17 {is more resistant.}) 22... Rc2 $1 $19 23. Rd2 {[%emt 0:00:51] [#]} (23. Nxc2 $2 {perishes.} Qxb2 24. Nd4 Bxd4 25. Rxd4 Rc8) 23... Rfc8 {[%emt 0:02:36][%cal Oc2b2] ...Rxb2! is the strong threat.} 24. Kd1 (24. Qd1 Rxb2) 24... R2c5 ({Not} 24... Qe4 25. Qxe4 Rxd2+ 26. Kxd2 $11) (24... f5 25. Qf4 Rxd2+ 26. Kxd2 $11) (24... Bd3 $142 {[%cal Oc2b2] Hoping for ...Rxb2!} 25. Qf4 Qxf4 26. gxf4 Bxd4 27. exd4 Be4 28. Rxc2 Rxc2) 25. Qf4 Qe8 $40 {[%emt 0:01:04][%mdl 128] And now ...R8c7 would win. White is in trouble.} 26. Ne2 $2 (26. Re1) 26... Bxb2 27. Rxb2 {[%emt 0:00:00] [#]} d6 $1 {[%emt 0:00:25][%mdl 512] White must now prevent ...Qc6.} 28. Qa4 {[%emt 0:04:57] White is weak on the light squares} (28. Nd4 Rc1+) 28... Bb5 29. Qd4 Qc6 {[%emt 0:00:08][%cal Oc5c1] ( -> ...Rc1+!)} 30. Re1 {[%emt 0:05:01] [#]} Rc1+ $1 {[%emt 0:00:07][%mdl 576] Skewer, Back Rank} 31. Kd2 {[%emt 0:00:21] [#]} Qc2+ $3 {[%emt 0:00:06][%mdl 512] Magnificent play by Maltsevskaya!   Weighted Error Value: White=0.70/Black=0.14 (very precise)} 0-1

[Event "European Women-ch 2023"]
[Site "Petrovac"]
[Date "2023.03.20"]
[Round "3.7"]
[White "Jarocka, Liwia"]
[Black "Aydin, Gulenay"]
[Result "1-0"]
[ECO "E71"]
[WhiteElo "2181"]
[BlackElo "2039"]
[Annotator "TA"]
[PlyCount "85"]
[EventDate "2023.03.15"]
[EventType "swiss"]
[EventCountry "MNE"]
[SourceTitle "playchess.com"]
[Source "ChessBase"]
[SourceQuality "1"]
[TimeControl "40/5400+30:1800+30"]

1. d4 Nf6 2. c4 g6 3. Nc3 Bg7 4. e4 d6 5. h3 Nbd7 6. Be3 {[%emt 0:00:54] E71: King's Indian: 4 e4 d6 5 h3.} e5 7. d5 Nc5 8. Qc2 {[%emt 0:00:54] White is slightly better.} a5 9. g4 O-O {[%emt 0:03:08] [#]} 10. g5 $146 ({Better is} 10. O-O-O $16) ({Predecessor:} 10. Nge2 c6 11. Ng3 cxd5 12. cxd5 Bd7 13. Be2 Rc8 14. Rc1 a4 15. Qd2 b5 16. f3 {1-0 Grandelius,N (2642)-Shyam,S (2552) Douglas IoM op 2016 (9)}) 10... Nh5 $1 $11 11. O-O-O Bd7 12. h4 a4 13. Bh3 Qe8 14. Bxd7 Qxd7 15. Nge2 f5 (15... a3 $14) 16. Bxc5 $16 dxc5 {[%emt 0:01:29] [#]} 17. d6 cxd6 $11 18. Nb5 fxe4 19. Nec3 a3 20. Nxe4 axb2+ 21. Kxb2 Nf4 {[%emt 0:03:07] And now ...d5 would win.} 22. Rxd6 Qg4 23. Qd1 Qf5 24. Nbc3 Qf7 25. Nd5 Kh8 (25... Nxd5 {simplifies} 26. Qxd5 Qxd5 27. cxd5 Ra4) 26. h5 (26. Nxc5 $2 Nxd5 27. Rxd5 Qxf2+ 28. Qd2 Qf3 $19) ({White should play} 26. Re1 $11) 26... Nxh5 (26... gxh5 $5 27. Nb6 Ra6 $17) 27. Qc2 (27. Nxc5 Qxf2+ 28. Kb3 Qxa2+ 29. Kc3 Qa5+ 30. Nb4 e4+ 31. Rd4 Qxc5 32. Nc2 Qa5+ 33. Kb3 Qa4+ 34. Kc3 Rf2) 27... Qf3 {[%emt 0:01:07] Strongly threatening ...Rxa2+.} 28. Rh4 (28. Rd1 $11) 28... Ra6 {[%emt 0:02:03][%cal Ba8a6,Ba6b6,Bb6b4][%mdl 32] ...Rxd6 is the strong threat.} 29. Rd7 {[%emt 0:00:29] [#]} Rfa8 (29... Nf4 $1 $17 30. Kb1 Nxd5 31. Rxd5 (31. cxd5 $2 {perishes.} Rb6+ 32. Ka1 Rb4 $19) 31... Rb6+ 32. Ka1 Qxf2 33. Qxf2 Rxf2) 30. Ndc3 {[%emt 0:01:20] Excellent horsemanship.} Rb6+ 31. Ka1 Rb4 32. Rd3 (32. Nxc5 $2 {loses.} e4 33. Rxg7 Nxg7 34. Rxe4 b5 $19) 32... Qg2 (32... Qf7 $15 {stays ahead.}) 33. Qd1 $16 Rf8 {[%emt 0:00:49] [#]} (33... Rxc4 $2 34. Rd8+ Bf8 35. Rxa8 $18) 34. Nd5 $1 b5 $2 {[%emt 0:00:38] This costs Black the game.} 35. Nxb4 $18 cxb4 $2 (35... bxc4 36. Rc3 cxb4 37. Rxc4 Nf4 38. Rxb4 Nh3) 36. Rg4 Qh2 37. cxb5 Nf4 38. Rd8 {[%emt 0:00:14] b6 would kill now.} Ne6 39. Rxf8+ {[%emt 0:00:07] White mates.} Bxf8 40. b6 Nc5 41. Nxc5 {[%emt 0:03:45][%mdl 64] Remove Defender} Bxc5 42. Qd8+ Kg7 43. Qc7+ {[%emt 0:00:06] Weighted Error Value: White=0.16 (very precise) /Black=0.42} 1-0

[Event "European Women-ch 2023"]
[Site "Petrovac"]
[Date "2023.03.20"]
[Round "3.8"]
[White "Beydullayeva, Govhar"]
[Black "Garcia Martin, Marta"]
[Result "1-0"]
[ECO "D38"]
[WhiteElo "2388"]
[BlackElo "2306"]
[Annotator "TA"]
[PlyCount "63"]
[EventDate "2023.03.15"]
[EventType "swiss"]
[EventCountry "MNE"]
[SourceTitle "playchess.com"]
[Source "ChessBase"]
[SourceQuality "1"]
[TimeControl "40/5400+30:1800+30"]

1. d4 Nf6 2. c4 e6 3. Nf3 d5 4. Nc3 Bb4 5. Bg5 h6 6. Bxf6 Qxf6 7. e3 O-O 8. Rc1 Nc6 9. Qb3 {[%emt 0:06:49] D38: Queen's Gambit Declined: Ragozin Defence (4 Nf3 Bb4).} a5 10. cxd5 a4 {[%emt 0:03:25][%mdl 64] [#] Deflection} 11. Qc2 $146 {[%emt 0:09:11] The position is equal.} ({Predecessor:} 11. Qd1 exd5 12. a3 Bxc3+ 13. Rxc3 Bg4 14. Be2 Qd6 15. Qc2 f5 16. Rc5 Kh8 17. h3 {½-½ Ftacnik,L (2570)-Eng,H (2350) Berliner Sommer 02nd 1984 (2)}) 11... exd5 12. a3 Bf5 13. Qd1 Bxc3+ 14. Rxc3 Ne7 15. Ne5 c6 16. Bd3 Qe6 17. O-O Rfc8 18. Qc2 Ra5 19. Bxf5 Qxf5 20. Nd3 Rca8 21. f3 Nc8 22. e4 dxe4 23. Nc5 Qf6 24. Qxe4 Nd6 25. Qe5 Qd8 {[%emt 0:06:18] aiming for ...b6.} 26. d5 b6 27. Rd1 $1 Rc8 (27... Rxc5 $2 28. Rxc5 bxc5 29. dxc6 $18) ({Much less strong is} 27... bxc5 28. dxc6 c4 29. Qxd6 Qb6+ 30. Qd4 $16) 28. Ne4 Ne8 29. Rcd3 (29. Rxc6 $2 {is the wrong capture.} Rxc6 30. Nc3 Rd6 $19) 29... Nc7 $2 (29... cxd5 $11 {and Black stays safe.} 30. Rxd5 Rxd5 31. Qxd5 Qxd5 32. Rxd5 Rc1+ 33. Kf2 Rc2+ 34. Rd2 Rxd2+ 35. Nxd2 Nc7) 30. Nd6 $18 Rb8 $2 {[%emt 0:00:06] [#]} (30... Nxd5 {is more resistant.} 31. Nb7 Qf8) 31. Nf5 $1 Ne8 32. Ne7+ {[%emt 0:00:12] Weighted Error Value: White=0.05 (flawless) /Black=0.44} 1-0

[Event "European Women-ch 2023"]
[Site "Petrovac"]
[Date "2023.03.20"]
[Round "3.8"]
[White "Lach, Aleksandra"]
[Black "Bluebaum, Johanna"]
[Result "1-0"]
[ECO "C01"]
[WhiteElo "2170"]
[BlackElo "1954"]
[Annotator "TA"]
[PlyCount "47"]
[EventDate "2023.03.15"]
[EventType "swiss"]
[EventCountry "MNE"]
[SourceTitle "playchess.com"]
[Source "ChessBase"]
[SourceQuality "1"]
[TimeControl "40/5400+30:1800+30"]

1. e4 e6 2. d4 d5 3. Nc3 Nf6 4. exd5 exd5 5. Bg5 Be7 6. Qd2 h6 {[%emt 0:07:57] C01: French: Exchange Variation.} 7. Bf4 c6 8. O-O-O Bf5 {[%emt 0:00:57] The position is equal.} 9. f3 {[%emt 0:00:40] [#]} Nbd7 $146 ({Predecessor:} 9... h5 10. Bd3 Bxd3 {½-½ Waagener,U-Vatter,H (2186) GER-ch Seniors 65 34th 2022 (4)}) 10. Re1 (10. g4 $5 Bg6 11. h4 $11) 10... O-O 11. g4 Bh7 12. h4 h5 13. Bd3 (13. g5 $5 Ne8 $8 14. Nge2 $11) 13... Bxd3 14. Qxd3 Nb6 15. Kb1 {[%emt 0:11:27] White has more active pieces. The black rooks are badly placed.} (15. Nh3 $14) 15... Nc4 16. Bc1 g6 ({Reject} 16... hxg4 17. Nge2 $15) (16... Bb4 $11) 17. Nh3 {[%emt 0:04:24] Hoping for Nf4.} Bd6 (17... Qc7 $16 {was called for.}) 18. Ng5 $2 (18. Bg5 $18 {has better winning chances.}) 18... Re8 $2 (18... hxg4 $2 19. h5 Nxb2 20. Bxb2 $18) (18... Qd7 $16) 19. Reg1 $18 {[%emt 0:06:08] [#] And now gxh5 would win.} hxg4 (19... Kg7 {is tougher.} 20. gxh5 Nxh5) 20. h5 Qe7 21. hxg6 fxg6 22. Rh6 g3 23. Rxg6+ Kf8 24. Qf5 {[%emt 0:02:10] Weighted Error Value: White=0.20 (precise) /Black=0.97} 1-0

[Event "European Women-ch 2023"]
[Site "Petrovac"]
[Date "2023.03.20"]
[Round "3.8"]
[White "Makropoulou, Marina"]
[Black "Daulyte-Cornette, Deimante"]
[Result "0-1"]
[ECO "B40"]
[WhiteElo "2102"]
[BlackElo "2344"]
[Annotator "TA"]
[PlyCount "108"]
[EventDate "2023.03.15"]
[EventType "swiss"]
[EventCountry "MNE"]
[SourceTitle "playchess.com"]
[Source "ChessBase"]
[SourceQuality "1"]
[TimeControl "40/5400+30:1800+30"]

1. e4 c5 2. Nf3 e6 3. d4 cxd4 4. Nxd4 Nf6 5. Bd3 Nc6 6. Nxc6 bxc6 7. O-O d5 8. exd5 cxd5 9. c4 Bd6 {[%emt 0:09:10][%cal Bf8d6,Bd6h2,Bh2e5,Be5g7][%mdl 32] B40: Sicilian: 2...e6, Unusual lines.} 10. Qe2 O-O 11. Nc3 dxc4 {[%emt 0:03:43] Black has an edge.} 12. Bxc4 {[%emt 0:00:01] [#]} Bb7 $146 ({Predecessor:} 12... Qc7 13. h3 Bb7 14. Ba6 Bc6 15. Be3 Nd5 16. Nxd5 Bxd5 17. Rfc1 Qa5 18. a3 Be4 {1-0 Bayrak,A (2031)-Stiri,A (2193) EU-ch (Women) 9th 2008 (8)}) 13. Bg5 Qc7 (13... h6 $5 14. Be3 Qc7 $15) 14. Bxf6 (14. Kh1 $15) 14... Bxh2+ $17 15. Kh1 gxf6 16. Ba6 Bxa6 17. Qxa6 Be5 18. Rac1 f5 $40 {[%emt 0:03:20][%mdl 128] Black wants a kill.} 19. Qe2 Bg7 20. Qf3 Rab8 21. b3 (21. Rc2 $17 {was called for.}) 21... Qa5 $19 22. Rfd1 Rfc8 23. Na4 ({Don't go for} 23. Qg3 $2 f4 24. Qxf4 Bxc3 $19) 23... Rxc1 24. Rxc1 Qd2 {[%emt 0:00:12][%csl LRa2,LRc1] Repels Rc2} 25. Rc4 Qxa2 26. Nc5 Qd2 27. g3 Rd8 {[%emt 0:14:05] Threatens to win with ...Qe1+.} 28. Kg2 Qd5 {[%emt 0:01:58] Inhibits b4.} 29. Qxd5 Rxd5 {[%emt 0:01:19][%mdl 4096] Endgame KRB-KRN} ({Weaker is} 29... exd5 30. Ra4 $15) 30. Nb7 Rb5 31. Rc8+ Bf8 32. Nd8 Rxb3 33. Rc7 a5 34. Nxf7 a4 {[%emt 0:00:33] ...a3 is the strong threat.} 35. Ng5 Rb6 36. Nxh7 {[%emt 0:01:44] [#] Intending Nf6+ and mate.} Bg7 {[%emt 0:00:10] Wards off Nf6+} 37. Ng5 Ra6 {[%emt 0:00:32] Repels Ra7} 38. Rc8+ (38. Rc2 $142) 38... Bf8 {[%emt 0:00:05] aiming for ...a3.} 39. Rc2 a3 40. Ra2 Kg7 41. Nf3 Kf6 {[%emt 0:03:57] And now ...Rb6 would win.} 42. Kf1 e5 {[%emt 0:03:58] White must now prevent ...Rb6.} 43. Ke2 Ke6 44. Nd2 Bb4 45. Nc4 Kd5 46. Ne3+ Kc5 47. Kd3 Rd6+ 48. Kc2 f4 49. gxf4 exf4 50. Ng2 Rd4 {[%emt 0:08:51] ( -> ...Kc4)} 51. Kb3 Rd3+ {[%emt 0:02:45] Black mates.} 52. Ka4 {[%emt 0:00:29] [#]} Kc4 $1 53. Nxf4 Rd8 54. Rc2+ Bc3 {[%emt 0:00:05] Black took control after the opening.   Weighted Error Value: White=0.48/Black=0.08 (flawless)} 0-1

[Event "European Women-ch 2023"]
[Site "Petrovac"]
[Date "2023.03.20"]
[Round "3.9"]
[White "Heinemann, Josefine"]
[Black "Dylag, Emilia"]
[Result "1-0"]
[ECO "C88"]
[WhiteElo "2343"]
[BlackElo "2052"]
[Annotator "TA"]
[PlyCount "93"]
[EventDate "2023.03.15"]
[EventType "swiss"]
[EventCountry "MNE"]
[SourceTitle "playchess.com"]
[Source "ChessBase"]
[SourceQuality "1"]
[TimeControl "40/5400+30:1800+30"]

1. e4 e5 2. Nf3 Nc6 3. Bb5 a6 4. Ba4 Nf6 5. O-O b5 6. Bb3 Be7 7. Re1 O-O 8. a4 Bb7 9. Nc3 b4 10. Nd5 Na5 11. Ba2 b3 {[%emt 0:18:41] now supersedes 11...Nxd5. C88: Closed Ruy Lopez: Anti-Marshall Systems.} 12. Nxf6+ (12. Nxe7+ $14 Qxe7 13. cxb3) 12... Bxf6 $11 13. cxb3 d5 {[%emt 0:03:02] The position is equal.} 14. d4 dxe4 ({Don't take} 14... exd4 15. e5 Be7 16. Nxd4 $16) 15. Nxe5 c5 {[%emt 0:14:26] [#]} 16. Be3 {[%emt 0:07:06] [#]} ({Better is} 16. Qg4 $1 $16) 16... Rc8 $146 ({Predecessor:} 16... Qd6 17. Nxf7 Rxf7 18. dxc5 Qe6 19. b4 Nc4 20. Qd6 Qxd6 21. cxd6 Nxe3 22. Rxe3 Rd8 {½-½ Malicka,M (2387)-Shehzad,S (2252) Krakow op-A 2022 (4)}) 17. b4 cxb4 18. Qg4 b3 19. Bb1 Bxe5 20. dxe5 f5 (20... Qd5 $5 ) 21. exf6 Qxf6 22. Bxe4 {[%emt 0:06:48][%cal Oe3d4] [#] Bd4! would be deadly.} Rc4 {[%emt 0:02:14] Wards off Bd4} (22... Qxb2 $2 23. Bxb7 Nxb7 24. Bd4 $18) 23. f3 Bxe4 (23... Qxb2 $2 24. Qe6+ Kh8 25. Bxb7 $18) 24. fxe4 Qe5 25. Bb6 {[%emt 0:03:36] Hoping for Bxa5.} Nc6 (25... Rc2 $1 $11) 26. Rad1 ({White should try} 26. Rac1 $16 Rc2 27. Rxc2 bxc2 28. Qe2) 26... Nd4 $2 {[%emt 0:00:37] Loses the game.} ({But not} 26... Rb4 27. Bf2 $16 (27. a5 h6 $16)) (26... Rc2 $11 {and Black has nothing to worry.}) 27. Qd7 $18 Nc2 (27... Ne6 28. Qd5 Qxd5 29. exd5 Nc5 30. Bxc5 Rxc5) 28. Rf1 {[%emt 0:01:02][%cal Od7f7] White wants to mate with Qf7+!} Rcc8 29. Rxf8+ Rxf8 30. Qd5+ Qxd5 31. exd5 {[%emt 0:00:03][%mdl 4096] Endgame Black must now prevent d6. KRB-KRN} Rf7 32. d6 {[%emt 0:04:09] d7 is the strong threat.} Rd7 33. Bc5 {[%emt 0:00:03] Repels Nb4} Kf7 34. Rd3 Na1 (34... Ke6 35. Rxb3 Kd5) 35. Re3 Rb7 36. Kf2 Nc2 37. Re7+ Rxe7 38. dxe7 {[%emt 0:00:02] KB-KN} h5 (38... Ke8 $142 39. Ke2 g6) 39. h4 Ke8 40. Ke2 Kf7 41. Kd2 g6 42. g3 Ke8 43. Kc3 Ne1 44. Kxb3 Nd3 45. Bd6 Nf2 46. Kc4 Ne4 47. Kd5 {[%emt 0:00:22] Weighted Error Value: White=0.25 (precise) /Black=0.81} 1-0